Map: Usina Ácida LE

Players

IagoAbreu

  • Race: Zerg Zerg
  • League: Gold
  • Spawn Location: 11:00

Slaughter

  • Race: Zerg Zerg
  • League: Silver
  • Spawn Location: 5:00

VOD

Have the link to the VOD?

Description

Time

  • Played on: May 9, 2018, 2:07 p.m.
  • Length: 7:49
Show
View Real Time Build Order
Export as new Build Order

IagoAbreu Zerg 

Build Orders: Hatch First 

Get SALT Encoding   

  12  0:01  Drone  
  14  0:14  Drone  
  14  0:17  Overlord  
  14  0:26  Extractor  
  13  0:28  Drone  
  14  0:38  Drone x2  
  16  0:53  Drone  
  17  1:02  Hatchery  
  16  1:07  Drone  
  17  1:17  Drone  
  18  1:25  Drone  
  19  1:31  Spawning Pool  
  18  1:36  Drone  
  19  1:42  Overlord  
  19  1:56  Drone  
  20  2:01  Evolution Chamber  
  19  2:12  Drone  
  19  2:13  Drone  
  21  2:20  Drone  
  22  2:25  Drone  
  22  2:27  Lair  
  23  2:30  Extractor  
  23  2:35  Drone  
  23  2:36  Drone x2  
  25  2:44  Zerg Missile Weapons Level 1  
  25  2:46  Queen  
  27  3:02  Spore Crawler  
  26  3:05  Drone  
  26  3:06  Drone  
  28  3:23  Drone x2  
  28  3:25  Queen  
  32  4:01  Overlord x2  
  32  4:19  Spine Crawler  
  31  4:25  Hatchery  
  31  4:31  Spine Crawler  
  29  4:48  Spire  
  28  4:53  Drone  
  28  4:54  Drone x7  
  28  4:57  Overlord x2  
  36  5:22  Extractor  
  36  5:24  Drone x2  
  36  5:25  Extractor  
  36  5:40  Drone  
  39  5:48  Drone x4  
  43  6:12  Mutalisk x9  
  43  6:13  Mutalisk x2  
  43  6:16  Overlord x2  
  65  6:27  Drone  
  65  6:31  Extractor  
  65  6:34  Queen  
  65  6:52  Mutalisk x3  
  71  6:57  Extractor  
  71  7:01  Drone x6  
  76  7:30  Drone x2  
  76  7:31  Drone  
Show
View Real Time Build Order
Export as new Build Order

Slaughter Zerg 

Build Orders: Pool First 

Get SALT Encoding   

  12  0:01  Drone  
  13  0:10  Drone  
  14  0:17  Overlord  
  14  0:20  Extractor  
  13  0:24  Drone  
  15  0:48  Spawning Pool  
  14  0:52  Drone x3  
  17  1:04  Extractor  
  16  1:21  Hatchery  
  15  1:30  Drone  
  15  1:31  Drone  
  17  1:35  Queen  
  17  1:37  Zergling x2  
  20  1:49  Drone  
  21  2:01  Evolution Chamber  
  21  2:04  Zergling x2  
  21  2:11  Overlord  
  21  2:22  Zergling x2  
  22  2:28  Zerg Melee Weapons Level 1  
  22  2:29  Queen  
  24  2:34  Drone  
  25  2:38  Drone, Queen  
  28  2:51  Zergling x6  
  31  3:06  Metabolic Boost  
  31  3:14  Drone x3  
  34  3:22  Roach Warren  
  33  3:29  Overlord  
  33  3:50  Overlord  
  33  3:59  Drone  
  33  4:00  Drone x2  
  36  4:10  Lair  
  36  4:18  Roach  
  36  4:21  Drone x3  
  36  4:22  Drone  
  42  4:26  Extractor  
  42  4:29  Spine Crawler  
  40  4:37  Drone x4  
  44  4:43  Extractor  
  43  5:00  Zerg Missile Weapons Level 1  
  43  5:07  Drone  
  44  5:08  Overlord x3  
  44  5:19  Glial Reconstitution  
  44  5:27  Zergling x8  
  44  5:28  Zergling x10  
  53  5:31  Overlord x2  
  53  5:45  Spore Crawler  
  52  5:53  Drone x3  
  55  5:57  Roach  
  55  5:58  Roach  
  59  6:05  Hydralisk Den  
  59  6:06  Roach  
  60  6:21  Spire  
  59  6:35  Roach  
  59  6:36  Roach  
  63  6:45  Drone x6  
  69  7:07  Hatchery  
  68  7:11  Hydralisk x4  
  76  7:20  Extractor  
Tags
 
Add a new tag
Caveats
  • Supply blocks, unpowered buildings, or Contaminate may cause inaccurate times.
  • Supply counts are checked every 10 seconds.